ITL
ALLENTOWN HILLBILLIES @ DETROIT X-WINGS
06/29/2028
 
TOP OF THE 1ST
Allentown Hillbillies batting - Pitching for Detroit X-Wings : LHP Keith Jennings
Pitching: LHP Keith Jennings
Batting: LHB António Salazar 0-0: Swinging Strike
0-1: Ball
1-1: Called Strike
1-2: Foul Ball, location: 2F
1-2: Ball
2-2: Ground out 4-3 (Groundball, 34)
Batting: SHB Nate Rhodes 0-0: Called Strike
0-1: Ball
1-1: Fly out, F9 (Flyball, 9D)
Batting: RHB Germano Labrego 0-0: Ball
1-0: Called Strike
1-1: Ball
2-1: Called Strike
2-2: Foul Ball, location: 2F
2-2: Ball
3-2: Base on Balls
Batting: RHB Carl Brown 0-0: Foul Ball, location: 2F
0-1: Ball
1-1: Swinging Strike
1-2: Foul Ball, location: 2F
1-2: SINGLE (Groundball, 56S) (infield hit)
Germano Labrego to second
Batting: LHB Marcos Vargas 0-0: Foul Ball, location: 2F
0-1: Fielders Choice at 2nd, U4 (Groundball, 4M)
Top of the 1st over - 0 run(s), 1 hit(s), 0 error(s), 2 left on base; Allentown 0 - Detroit 0
BOTTOM OF THE 1ST
Detroit X-Wings batting - Pitching for Allentown Hillbillies : LHP Holden Clark
Pitching: LHP Holden Clark
Batting: RHB Júlio López 0-0: Called Strike
0-1: Ball
1-1: Fly out, F9 (Flyball, 9LS)
Batting: RHB Gary Witt 0-0: Ball
1-0: Foul Ball, location: 2F
1-1: Called Strike
1-2: Strikes out looking
Batting: RHB Merlin Morris 0-0: Foul Ball, location: 2F
0-1: Ball
1-1: Foul Ball, location: 2F
1-2: Strikes out swinging
Bottom of the 1st over - 0 run(s), 0 hit(s), 0 error(s), 0 left on base; Allentown 0 - Detroit 0
TOP OF THE 2ND
Allentown Hillbillies batting - Pitching for Detroit X-Wings : LHP Keith Jennings
Batting: RHB Marc Cox 0-0: Ball
1-0: Ground out U3 (Groundball, 34)
Batting: RHB Wyatt McKinnon 0-0: Ball
1-0: Ball
2-0: Ball
3-0: Called Strike
3-1: Called Strike
3-2: Base on Balls
Batting: LHB John Hudson 0-0: Fly out, F4 (Line Drive, 4)
Batting: RHB Von Ford 0-0: Called Strike
0-1: DOUBLE (Line Drive, 7D)
Wyatt McKinnon to third
Batting: LHB António Salazar 0-0: Ball
1-0: Fly out, F6 (Line Drive, 56)
Top of the 2nd over - 0 run(s), 1 hit(s), 0 error(s), 2 left on base; Allentown 0 - Detroit 0
BOTTOM OF THE 2ND
Detroit X-Wings batting - Pitching for Allentown Hillbillies : LHP Holden Clark
Batting: LHB Juan Jose Pineda 0-0: Ball
1-0: Ball
2-0: Called Strike
2-1: Swinging Strike
2-2: Strikes out swinging
Batting: RHB Robby Lewis 0-0: Fly out, F3 (Popup, 3L)
Batting: RHB John Moore 0-0: Called Strike
0-1: Ball
1-1: Ball
2-1: Foul Ball, location: 2F
2-2: Ball
3-2: Ground out 5-3 (Groundball, 5)
Bottom of the 2nd over - 0 run(s), 0 hit(s), 0 error(s), 0 left on base; Allentown 0 - Detroit 0
TOP OF THE 3RD
Allentown Hillbillies batting - Pitching for Detroit X-Wings : LHP Keith Jennings
Batting: SHB Nate Rhodes 0-0: Swinging Strike
0-1: Foul Ball, location: 2F
0-2: Strikes out swinging
Batting: RHB Germano Labrego 0-0: Foul Ball, location: 2F
0-1: Ball
1-1: Called Strike
1-2: Fly out, F7 (Flyball, 78S)
Batting: RHB Carl Brown 0-0: Swinging Strike
0-1: Ball
1-1: Ball
2-1: Foul Ball, location: 2F
2-2: Ball
3-2: Foul Ball, location: 2F
3-2: Base on Balls
Batting: LHB Marcos Vargas 0-0: Called Strike
0-1: Ball
1-1: Ground out 5-3 (Groundball, 25)
Top of the 3rd over - 0 run(s), 0 hit(s), 0 error(s), 1 left on base; Allentown 0 - Detroit 0
BOTTOM OF THE 3RD
Detroit X-Wings batting - Pitching for Allentown Hillbillies : LHP Holden Clark
Batting: LHB Jeremy Cox 0-0: Ball
1-0: Foul Ball, location: 2F
1-1: Foul Ball, location: 2F
1-2: Ball
2-2: Ground out 6-3 (Groundball, 6D)
Batting: RHB Oliver Acevedo 0-0: Ball
1-0: Ball
2-0: Foul Ball, location: 2F
2-1: Ground out 5-3 (Groundball, 5)
Batting: RHB Vincente Encarnación 0-0: Ball
1-0: Called Strike
1-1: Ball
2-1: SINGLE (Flyball, 8LS)
Batting: RHB Júlio López 0-0: Ball
1-0: Ball
2-0: Ground out 6-3 (Groundball, 6M)
Bottom of the 3rd over - 0 run(s), 1 hit(s), 0 error(s), 1 left on base; Allentown 0 - Detroit 0
TOP OF THE 4TH
Allentown Hillbillies batting - Pitching for Detroit X-Wings : LHP Keith Jennings
Batting: RHB Marc Cox 0-0: Ball
1-0: Ground out 6-3 (Groundball, 56)
Batting: RHB Wyatt McKinnon 0-0: Called Strike
0-1: Ground out 5-3 (Groundball, 56)
Batting: LHB John Hudson 0-0: Called Strike
0-1: Foul Ball, location: 2F
0-2: Foul Ball, location: 2F
0-2: Ball
1-2: Fly out, F8 (Flyball, 8LD)
Top of the 4th over - 0 run(s), 0 hit(s), 0 error(s), 0 left on base; Allentown 0 - Detroit 0
BOTTOM OF THE 4TH
Detroit X-Wings batting - Pitching for Allentown Hillbillies : LHP Holden Clark
Batting: RHB Gary Witt 0-0: Foul Ball, location: 2F
0-1: Ball
1-1: Swinging Strike
1-2: Foul Ball, location: 2F
1-2: Ball
2-2: Foul Ball, location: 2F
2-2: Ball
3-2: Base on Balls
Batting: RHB Merlin Morris 0-0: Ball
1-0: Ball
2-0: Ball
3-0: Base on Balls
Gary Witt to second
Batting: LHB Juan Jose Pineda 0-0: Swinging Strike
0-1: Grounds into double play, 6-4-3 (Groundball, 6)
Gary Witt to third
Batting: RHB Robby Lewis 0-0: Fly out, F1 (Line Drive, 13)
Bottom of the 4th over - 0 run(s), 0 hit(s), 0 error(s), 1 left on base; Allentown 0 - Detroit 0
TOP OF THE 5TH
Allentown Hillbillies batting - Pitching for Detroit X-Wings : LHP Keith Jennings
Batting: RHB Von Ford 0-0: Ball
1-0: Swinging Strike
1-1: Ball
2-1: Ball
3-1: Foul Ball, location: 2F
3-2: Foul Ball, location: 2F
3-2: Base on Balls
Batting: LHB António Salazar 0-0: Called Strike
0-1: Ball
1-1: Ball
2-1: Foul Ball, location: 2F
2-2: Foul Ball, location: 2F
2-2: Foul Ball, location: 2F
2-2: Strikes out looking
Batting: SHB Nate Rhodes 0-0: Ball
1-0: Ball
2-0: Called Strike
2-1: Ball
3-1: Foul Ball, location: 2F
3-2: Foul Ball, location: 2F
3-2: SINGLE (Groundball, 6MD)
Von Ford to second
Batting: RHB Germano Labrego 0-0: Ball
1-0: Called Strike
1-1: Called Strike
1-2: Foul Ball, location: 2F
1-2: Grounds into double play, 6-4-3 (Groundball, 6)
Top of the 5th over - 0 run(s), 1 hit(s), 0 error(s), 1 left on base; Allentown 0 - Detroit 0
BOTTOM OF THE 5TH
Detroit X-Wings batting - Pitching for Allentown Hillbillies : LHP Holden Clark
Batting: RHB John Moore 0-0: Ball
1-0: Foul Ball, location: 2F
1-1: Called Strike
1-2: Foul Ball, location: 2F
1-2: Ball
2-2: SINGLE (Line Drive, 6M)
Batting: LHB Jeremy Cox 0-0: Ball
1-0: Grounds into double play, 5-4-3 (Groundball, 56)
Batting: RHB Oliver Acevedo 0-0: Foul Ball, location: 2F
0-1: Ball
1-1: Ball
2-1: Foul Ball, location: 2F
2-2: Foul Ball, location: 2F
2-2: Fly out, F4 (Line Drive, 4M)
Bottom of the 5th over - 0 run(s), 1 hit(s), 0 error(s), 0 left on base; Allentown 0 - Detroit 0
TOP OF THE 6TH
Allentown Hillbillies batting - Pitching for Detroit X-Wings : LHP Keith Jennings
Batting: RHB Carl Brown 0-0: Ball
1-0: Called Strike
1-1: Ground out 6-3 (Groundball, 6)
Batting: LHB Marcos Vargas 0-0: Ball
1-0: Called Strike
1-1: Fly out, F8 (Flyball, 8LS)
Batting: RHB Marc Cox 0-0: Ball
1-0: Ball
2-0: Ball
3-0: Base on Balls
Pitching: LHP Richard Dorris
Batting: RHB Wyatt McKinnon 0-0: Foul Ball, location: 2F
0-1: Foul Ball, location: 2F
0-2: Fly out, F9 (Flyball, 9LM)
Top of the 6th over - 0 run(s), 0 hit(s), 0 error(s), 1 left on base; Allentown 0 - Detroit 0
BOTTOM OF THE 6TH
Detroit X-Wings batting - Pitching for Allentown Hillbillies : LHP Holden Clark
Batting: RHB Vincente Encarnación 0-0: SINGLE (Groundball, 4MD)
Batting: RHB Júlio López 0-0: Called Strike
0-1: Grounds into double play, 1-4-3 (Groundball, 15S)
Batting: RHB Gary Witt 0-0: Ground out 5-3 (Groundball, 56)
Bottom of the 6th over - 0 run(s), 1 hit(s), 0 error(s), 0 left on base; Allentown 0 - Detroit 0
TOP OF THE 7TH
Allentown Hillbillies batting - Pitching for Detroit X-Wings : LHP Richard Dorris
Pinch Hitting: RHB Justin Harris 0-0: Ball
1-0: Called Strike
1-1: Ball
2-1: Foul Ball, location: 2F
2-2: Foul Ball, location: 2F
2-2: SINGLE (Line Drive, 8LS)
Pinch Hitting: RHB Diego Rivera 0-0: Ball
1-0: Fly out, F7 (Flyball, 78D)
Pinch Hitting: RHB Millard Stark 0-0: Called Strike
0-1: Swinging Strike
0-2: Strikes out swinging
Batting: SHB Nate Rhodes 0-0: Ball
1-0: Called Strike
1-1: 2-RUN HOME RUN (Flyball, 78XD), Distance : 394 ft
Pitching: RHP Aaron Abrams
Batting: RHB Germano Labrego 0-0: Ball
1-0: Ball
2-0: Called Strike
2-1: Foul Ball, location: 2F
2-2: Strikes out swinging
Top of the 7th over - 2 run(s), 2 hit(s), 0 error(s), 0 left on base; Allentown 2 - Detroit 0
BOTTOM OF THE 7TH
Detroit X-Wings batting - Pitching for Allentown Hillbillies : LHP Holden Clark
Now at 3B: Justin Harris
Now in LF: Millard Stark
Now in CF: Diego Rivera
Batting: RHB Merlin Morris 0-0: Called Strike
0-1: Ball
1-1: Ball
2-1: SINGLE (Groundball, 25) (infield hit)
Pitching: LHP Nick Merrit
Batting: LHB Juan Jose Pineda 0-0: Called Strike
0-1: Ball
1-1: Ball
2-1: Ball
3-1: Foul Ball, location: 2F
3-2: SINGLE (Groundball, 4D)
Merlin Morris to second
Merlin Morris to third
Batting: RHB Robby Lewis 0-0: Ball
1-0: Swinging Strike
1-1: DOUBLE (Line Drive, 78M)
Merlin Morris scores
Juan Jose Pineda to third
Batting: RHB John Moore 0-0: Called Strike
0-1: Ball
1-1: Foul Ball, location: 2F
1-2: Ball
2-2: Strikes out swinging
Pinch Hitting: RHB Enrique Aguilar 0-0: Foul Ball, location: 2F
0-1: Ball
1-1: Foul Ball, location: 2F
1-2: Ball
2-2: Foul Ball, location: 2F
2-2: SINGLE (Line Drive, 7LS)
Juan Jose Pineda scores
Robby Lewis to third
Runner from 3rd tries for Home, SAFE, no throw
Pitching: RHP Jorge Ruíz
Batting: RHB Oliver Acevedo 0-0: Ball
1-0: Grounds into double play, 6-4-3 (Groundball, 56)
Bottom of the 7th over - 3 run(s), 4 hit(s), 0 error(s), 0 left on base; Allentown 2 - Detroit 3
TOP OF THE 8TH
Allentown Hillbillies batting - Pitching for Detroit X-Wings : RHP Aaron Abrams
Pitching: RHP José Castro
Now at C: Carlos Aguirre
Now in LF: Enrique Aguilar
Batting: RHB Carl Brown 0-0: Fly out, F8 (Flyball, 8LS)
Batting: LHB Marcos Vargas 0-0: Called Strike
0-1: Ground out 4-3 (Groundball, 4M)
Batting: RHB Marc Cox 0-0: Ball
1-0: Ball
2-0: Ball
3-0: Called Strike
3-1: Base on Balls
Pinch Hitting: RHB José Mora 0-0: Ball
1-0: Ball
2-0: Called Strike
2-1: Ball
3-1: Called Strike
3-2: Base on Balls
Marc Cox to second
Pinch Hitting: RHB Albert Lutz 0-0: Ball
1-0: Fielders Choice at 2nd, 6-4 (Groundball, 6)
Top of the 8th over - 0 run(s), 0 hit(s), 0 error(s), 1 left on base; Allentown 2 - Detroit 3
BOTTOM OF THE 8TH
Detroit X-Wings batting - Pitching for Allentown Hillbillies : RHP Jorge Ruíz
Now at 2B: José Mora
Now in RF: Albert Lutz
Batting: RHB Vincente Encarnación 0-0: Swinging Strike
0-1: Ball
1-1: Ball
2-1: Ball
3-1: DOUBLE (Flyball, 89M)
Pinch Hitting: LHB Paul Alston 0-0: Intentional Walk
Pinch Hitting: SHB Felipe Detorres 0-0: Sac Bunt - play at third, runner OUT! 2-6
Paul Alston to second
Pinch Hitting: RHB Jaime Contreras 0-0: Ball
1-0: Fielders Choice at 2nd, 5-4 (Groundball, 56)
Paul Alston to third
Pitching: LHP Emílio Trevino
Batting: LHB Juan Jose Pineda 0-0: Called Strike
0-1: Ball
1-1: Ball
2-1: Ball
3-1: Swinging Strike
3-2: Base on Balls
Jaime Contreras to second
Pitching: RHP Pepe Fernández
Batting: RHB Robby Lewis 0-0: Fielders Choice at 2nd, 5-4 (Groundball, 56)
Bottom of the 8th over - 0 run(s), 1 hit(s), 0 error(s), 2 left on base; Allentown 2 - Detroit 3
TOP OF THE 9TH
Allentown Hillbillies batting - Pitching for Detroit X-Wings : RHP José Castro
Pitching: RHP Charlie Alexander
Now at 1B: Domingo Ávila
Now at 2B: Albert Chávez
Now at 3B: Felipe Detorres
Now in CF: Jaime Contreras
Batting: RHB Diego Rivera 0-0: Foul Ball, location: 2F
0-1: Ball
1-1: Foul Ball, location: 2F
1-2: DOUBLE (Flyball, 8LXD)
Batting: RHB Millard Stark 0-0: Called Strike
0-1: Swinging Strike
0-2: Ball
1-2: Ball
2-2: Strikes out swinging
Batting: SHB Nate Rhodes 0-0: Fly out, F8 (Flyball, 8LS)
Batting: RHB Germano Labrego 0-0: Called Strike
0-1: Foul Ball, location: 2F
0-2: Strikes out swinging
Top of the 9th over - 0 run(s), 1 hit(s), 0 error(s), 1 left on base; Allentown 2 - Detroit 3
Tuesday, August 8th, 2017 - OOTP Baseball 17.12 Build 75